 Dungeon Crawl Stone Soup version 0.20.1-1-g8b1a95d (webtiles) character file.

2622 KingBobo974 the Grappler (level 9, -11/92 HPs)
             Began as a Troll Berserker on July 15, 2017.
             Was an Elder of Trog.
             Killed from afar by an electric eel (17 damage)
             ... with a bolt of electricity
             ... on level 7 of the Dungeon.
             The game lasted 00:30:04 (5206 turns).

KingBobo974 the Grappler (Troll Berserker)          Turns: 5206, Time: 00:30:05

Health: -11/92     AC:  8    Str: 30    XL:     9   Next: 34%
Magic:  8/8        EV: 12    Int:  3    God:    Trog [****..]
Gold:   373        SH:  0    Dex: 11    Spells: 8/8 levels left

rFire    + . .     SeeInvis .     - Unarmed
rCold    . . .     Gourm    +   (no shield)
rNeg     . . .     Faith    .   a - +0 animal skin
rPois    .         Spirit   .   (helmet restricted)
rElec    .         Reflect  .   f - +2 cloak
rCorr    .         Harm     .   (gloves unavailable)
MR       .....                  (boots unavailable)
Stlth    +.........             i - amulet of magic regeneration
Regen    0.7/turn               j - ring of fire
MPRegen  0.2/turn               (no ring)

@: no status effects
A: unfitting armour, claws 3, hooves 1, agile 1, cold resistance 1, fast
metabolism 3, gourmand, regeneration 1, shaggy fur 1, tough skin 2
a: Berserk, Trog's Hand, Brothers in Arms, Burn Spellbooks, Renounce Religion


You were on level 7 of the Dungeon.
You worshipped Trog.
Trog was greatly pleased with you.
You were full.

You visited 1 branch of the dungeon, and saw 7 of its levels.

You collected 373 gold pieces.

Inventory:

Hand Weapons
 c - a +1 spear of venom
Armour
 a - a +0 animal skin (worn)
 f - a +2 cloak (worn)
Jewellery
 i - an amulet of magic regeneration (around neck)
 j - a ring of fire (left claw)
 q - a +4 ring of dexterity {unknown}
 t - a +5 ring of strength {unknown}
Scrolls
 b - a scroll of vulnerability {unknown}
 d - 6 scrolls of identify
 g - a scroll of remove curse {unknown}
 l - 3 scrolls of recharging {unknown}
 r - a scroll of magic mapping {unknown}
 s - 3 scrolls of enchant weapon {unknown}
Potions
 e - 2 potions of curing
 h - a potion of agility
 k - a potion of brilliance
 m - a potion of berserk rage {unknown}
 n - a potion of heal wounds
 o - a potion of degeneration


   Skills:
 * Level 6.8 Fighting
 * Level 6.5 Dodging
 * Level 8.0 Unarmed Combat


You had 8 spell levels left.
You didn't know any spells.

Dungeon Overview and Level Annotations

Branches:
Dungeon (7/15)             Temple (0/1) D:4

Altars:
Ashenzari
Elyvilon
Hepliaklqana
Ru
Trog
Zin

Shops:
D:6 (


Innate Abilities, Weirdness & Mutations

You are too large for most types of armour.
You have claws for hands.
Your metabolism is lightning-fast.
You like to eat raw meat.
Your natural rate of healing is unusually fast.
You are covered in fur. (AC +1)
You have very tough skin. (AC +2)
You have large cloven feet.
You are agile. (Dex +2)
Your flesh is cold resistant. (rC+)


Message History

* * * LOW HITPOINT WARNING * * *
The electric eel shoots out a bolt of lightning at you!
The bolt of electricity hits you!
* * * LOW HITPOINT WARNING * * *
You eat the royal jelly.
That royal jelly was delicious!
You found a teleport trap!
The electric eel shoots out a bolt of lightning at you!
The bolt of electricity hits you!
* * * LOW HITPOINT WARNING * * *
You see here a blackened jade ring.
You barely miss the electric eel. You kick the electric eel.
The electric eel is lightly wounded.
The electric eel shoots out a bolt of lightning at you!
The bolt of electricity misses you.
The bolt of electricity hits the plant. x2
The electric eel shoots out a bolt of lightning at you!
The bolt of electricity hits you!
* * * LOW HITPOINT WARNING * * *
The electric eel shoots out a bolt of lightning at you!
The bolt of electricity hits you!
You die...

#..........
####...♣♣♣♣♣....
#.....♣♣♣♣♣♣♣♣..
#.#..≈♣≈≈♣PP≈≈♣.
#...♣♣P≈P≈≈≈≈≈≈≈
#.††♣≈PP;≈≈.≈≈..
#.♣≈≈≈....^.....
#...............
##...≈≈?@..≈≈..≈
#..≈≈≈..;♣≈P≈≈≈
#..♣≈P≈P;≈PP≈P≈
#.##♣≈PP≈≈≈≈≈≈≈
#.# #♣≈≈≈≈≈≈≈≈≈
#. ♣≈P≈≈P≈≈≈♣ #.
≈≈P≈♣P≈♣##
#♣≈♣♣♣♣#


You could see 3 electric eels.

Vanquished Creatures
  The ghost of Oddysee the Skirmisher, a novice GrFi of Qazlal (D:5)
  A hungry ghost (D:7)
  Duvessa (D:5)
  2 ice beasts
  4 sky beasts
  A black bear (D:6)
  An orc warrior (D:6)
  An ogre (D:5)
  2 bullfrogs
  A wyvern skeleton (D:7)
  Dowan (D:5)
  A howler monkey (D:4)
  4 crimson imps
  A centaur zombie (D:5)
  4 hounds
  2 jellies
  A centaur skeleton (D:5)
  An orc priest (D:5)
  A bullfrog skeleton (D:6)
  An iguana (D:4)
  4 orc wizards
  2 worker ants (D:7)
  A worker ant zombie (D:5)
  Robin (D:2)
  11 gnolls
  9 adders
  A white imp (D:5)
  3 oozes
  An adder skeleton (D:4)
  3 worms
  A dart slug (D:4)
  2 leopard geckos (D:4)
  16 orcs
  7 giant cockroaches
  15 goblins
  5 hobgoblins
  7 jackals
  5 kobolds
  4 quokkas
  2 ball pythons (D:2)
  7 bats
  2 frilled lizards
  7 rats
148 creatures vanquished.

Vanquished Creatures (others)
  A centaur (D:6)
  A bullfrog (D:6)
  An orc wizard (D:6)
  3 orcs (D:6)
  A hobgoblin (D:2)
  A quokka (D:2)
8 creatures vanquished.

Grand Total: 156 creatures vanquished

Notes
Turn   | Place    | Note
-------+----------+-------------------------------------------
     0 | D:1      | KingBobo974 the Troll Berserker began the quest for the Orb.
     0 | D:1      | Reached XP level 1. HP: 22/22 MP: 0/0
   172 | D:1      | Reached XP level 2. HP: 29/29 MP: 1/1
   583 | D:1      | Reached ** piety under Trog
   583 | D:1      | Reached XP level 3. HP: 36/36 MP: 2/2
   727 | D:2      | Found a white marble altar of Elyvilon.
   727 | D:2      | Noticed Robin
   748 | D:2      | Killed Robin
   748 | D:2      | Reached XP level 4. HP: 39/45 MP: 3/3
   916 | D:2      | Reached skill level 4 in Unarmed Combat
  1586 | D:3      | Reached XP level 5. HP: 53/53 MP: 4/4
  1656 | D:3      | Reached *** piety under Trog
  1888 | D:4      | Found a staircase to the Ecumenical Temple.
  1951 | D:4      | Reached XP level 6. HP: 60/62 MP: 5/5
  2186 | D:4      | Found a shattered altar of Ashenzari.
  2452 | D:5      | Entered Level 5 of the Dungeon
  2471 | D:5      | Noticed Oddysee's ghost (novice GrFi)
  2488 | D:5      | Killed Oddysee's ghost
  2488 | D:5      | Reached skill level 5 in Unarmed Combat
  2488 | D:5      | Reached XP level 7. HP: 67/71 MP: 6/6
  2621 | D:5      | Found a hazy altar of Hepliaklqana.
  2662 | D:5      | Reached skill level 5 in Fighting
  2829 | D:5      | Reached skill level 6 in Unarmed Combat
  2829 | D:5      | Reached XP level 8. HP: 80/80 MP: 7/7
  2838 | D:5      | Reached skill level 5 in Dodging
  2843 | D:5      | Gained mutation: You expend magic power (3 MP) to strengthen your wands. [mutagenic meat]
  2844 | D:5      | Gained mutation: You have large cloven feet. [mutagenic meat]
  2845 | D:5      | Gained mutation: You are agile. (Dex +2) [mutagenic meat]
  2846 | D:5      | Gained mutation: You are partially covered in molten scales. (AC +2) [mutagenic meat]
  2943 | D:5      | Lost mutation: You expend magic power (3 MP) to strengthen your wands. [potion of mutation]
  2943 | D:5      | Lost mutation: You are partially covered in molten scales. (AC +2) [potion of mutation]
  2943 | D:5      | Gained mutation: Your flesh is cold resistant. (rC+) [potion of mutation]
  2953 | D:5      | Noticed Dowan
  2968 | D:5      | Killed Dowan
  3001 | D:5      | Noticed Duvessa
  3015 | D:5      | Killed Duvessa
  3559 | D:6      | Found Ethroixze's Antique Weapon Shoppe.
  3807 | D:6      | Reached skill level 7 in Unarmed Combat
  3812 | D:6      | Reached **** piety under Trog
  4214 | D:6      | HP: 4/83 [something (12)]
  4688 | D:6      | Found a glowing silver altar of Zin.
  4758 | D:6      | Reached XP level 9. HP: 91/91 MP: 8/8
  4884 | D:6      | Found a sacrificial altar of Ru.
  4958 | D:6      | Found a bloodstained altar of Trog.
  5195 | D:7      | Reached skill level 8 in Unarmed Combat
  5206 | D:7      | Killed from afar by an electric eel

Skill      XL: |  1  2  3  4  5  6  7  8  9 |
---------------+----------------------------+-----
Fighting       | 3 4 5 6 |  6.8
Unarmed Combat | 4 5 6 7 8 |  8.0
Dodging        | 3 4 6 |  6.5

Action                   |  1- 3 |  4- 6 |  7- 9 || total
-------------------------+-------+-------+-------++-------
Melee: Unarmed           |    94 |   133 |   229 ||   456
       Punch             |       |     1 |     8 ||     9
       Kick              |       |       |    48 ||    48
Invok: Berserk           |     1 |     2 |     1 ||     4
       Burn Spellbooks   |       |     1 |       ||     1
  Use: Scroll            |       |     5 |       ||     5
       Potion            |       |       |    11 ||    11
  Eat: Bread ration      |     1 |     2 |     4 ||     7
       Chunk             |     1 |     2 |    15 ||    18
       Royal jelly       |       |     1 |     1 ||     2
       Meat ration       |       |     1 |       ||     1
Armor: Animal skin       |    57 |    40 |    86 ||   183
Dodge: Dodged            |    59 |    76 |   145 ||   280
